 Dungeon Crawl Stone Soup version 0.27-a0-1565-gad902ab807 (webtiles) character file.

Game seed: 6270744657884788217

1071 Leszczynek the Fighter (level 8, 0/70 HPs)
             Began as a Human Gladiator on July 16, 2021.
             Was a Believer of Dithmenos.
             Slain by Psyche (16 damage)
             ... on level 8 of the Dungeon.
             The game lasted 00:20:19 (2113 turns).

Leszczynek the Fighter (Human Gladiator)            Turns: 2113, Time: 00:20:20

Health: 0/70       AC:  4    Str: 14    XL:     8   Next: 53%
Magic:  8/8        EV: 12    Int: 11    God:    Dithmenos [**....]
Gold:   98         SH:  0    Dex: 15    Spells: 7/7 levels left

rFire    + . .     SeeInvis .   c - +1 short sword (venom)
rCold    + . .     Faith    .   (no shield)
rNeg     . . .     Spirit   .   k - +0 ring mail
rPois    .         Reflect  .   i - +1 helmet
rElec    .         Harm     .   p - scarf {rC+ rF+}
rCorr    .         Rampage  .   (no gloves)
Will     .....                  s - +0 pair of boots
Stlth    +.........             (no amulet)
HPRegen  0.21/turn              (no ring)
MPRegen  0.11/turn              (no ring)

@: corroded, hasted, wreathed by umbra, very quick
A: no striking features
a: Renounce Religion, Shadow Step


You were on level 8 of the Dungeon.
You worshipped Dithmenos.
Dithmenos was pleased with you.
You visited 1 branch of the dungeon, and saw 8 of its levels.

You collected 203 gold pieces.
You spent 105 gold pieces at shops.

Inventory:

Hand Weapons
 a - a +0 war axe
 c - a +1 short sword of venom (weapon)
Missiles
 d - 2 throwing nets (quivered)
 e - 117 sling bullets
 v - 5 boomerangs
Armour
 b - a +0 leather armour
 i - a +1 helmet (worn)
 k - a +0 ring mail (worn)
 p - a scarf of resistance (worn)
 s - a +0 pair of boots (worn)
Jewellery
 u - a ring of flight
Wands
 q - a wand of iceblast (13)
 r - a wand of acid (12)
 w - a wand of digging (6)
Scrolls
 g - a scroll of blinking
 h - 3 scrolls of enchant weapon
 j - a scroll of teleportation
 l - a scroll of magic mapping {unknown}
 m - a scroll of vulnerability {unknown}
 n - a scroll of summoning {unknown}
 t - a scroll of identify {@r1}
Potions
 f - 3 potions of curing {@q1}
 x - a potion of magic {unknown}
 z - a potion of lignification {!q}


   Skills:
 * Level 8.9 Fighting
 - Level 4.0 Axes
 - Level 2.0 Throwing
 + Level 4.0 Dodging


You had 7 spell levels left.
You didn't know any spells.
Your spell library contained the following spells:

 Spells                   Type           Power      Damage    Failure   Level
 Gell's Gravitas          Tloc           0%         N/A       91%         3
 Lesser Beckoning         Tloc           0%         N/A       91%         3
 Teleport Other           Tloc           0%         N/A       91%         3


Dungeon Overview and Level Annotations

Branches:
Dungeon (8/15)
 Temple: D:4-7         Lair: D:8-11

Altars:
Dithmenos

Shops:
D:6 ?   D:7 :

Annotations:
D:8 Psyche


Message History

You swing at nothing.
You swing at nothing.
You swing at nothing.
You swing at nothing.
You swing at nothing.
You swing at nothing.
You swing at nothing.
You swing at nothing.
You swing at nothing.
You swing at nothing.
You swing at nothing.
You swing at nothing.
You swing at nothing.
You swing at nothing.
You swing at nothing.
You swing at nothing.
You swing at nothing.
a - a +0 war axe (weapon)
You climb downwards.
Level annotation: Psyche Psyche shouts!
Psyche laughs secretively.
There is a stone staircase leading up here.
Your +1 short sword of venom begins to drip with poison!
c - a +1 short sword of venom (weapon)
You completely miss Psyche. Psyche barely misses you.
You closely miss Psyche. Psyche misses you.
Psyche gestures wildly while chanting.
Psyche flickers and vanishes!
Deactivating autopickup; reactivate with Ctrl-A.
You miss something.
You hear a zap.
A bolt of acid appears from out of thin air!
The bolt of acid hits you!! The acid corrodes you!
You are splashed with acid!
Enter note: well that's uh
Okay, then.
It was a potion of haste.
You feel yourself speed up. Something hits you.
* * * LOW HITPOINT WARNING * * *
Space warps horribly around you!
You die...

... .. ..
#####'########
#.............
#.............
#.............
#....{@.......
#.............
#......#+#####
#......#
#......#
#......#
#......# ####
#....... ....
....


There were no monsters in sight!

Vanquished Creatures
  A steam dragon (D:6)
  A water moccasin (D:6)
  An orc warrior (D:7)
  2 ice beasts (D:7)
  A sky beast (D:7)
  An ogre (D:6)
  A scorpion (D:4)
  A water moccasin zombie (D:6)
  A centaur zombie (D:5)
  A hound (D:4)
  2 orc priests (D:8)
  2 orc wizards
  A howler monkey zombie (D:5)
  2 adders
  A shadow imp (D:5)
  A white imp (D:5)
  A worm (D:4)
  13 orcs
  3 endoplasms
  3 goblins
  2 hobgoblins
  2 jackals (D:3)
  2 kobolds
  A ball python (D:3)
  2 bats
  2 frilled lizards
  4 rats
55 creatures vanquished.

Notes
Turn   | Place    | Note
-------+----------+-------------------------------------------
     0 | D:1      | Leszczynek the Human Gladiator began the quest for the Orb.
     0 | D:1      | Reached XP level 1. HP: 16/16 MP: 1/1
    42 | D:1      | Found a faded altar of an unknown god.
    97 | D:1      | Became a worshipper of Dithmenos the Shadowed
    97 | D:1      | Reached * piety under Dithmenos
   144 | D:2      | Reached XP level 2. HP: 10/22 MP: 2/2
   308 | D:3      | Reached XP level 3. HP: 19/27 MP: 3/3
   330 | D:3      | Reached skill level 4 in Axes
   420 | D:4      | Noticed a scorpion
   432 | D:4      | Killed a scorpion
   433 | D:4      | Reached skill level 3 in Fighting
   433 | D:4      | Reached XP level 4. HP: 36/37 MP: 4/4
   459 | D:4      | Noticed a phantom
   599 | D:4      | Reached ** piety under Dithmenos
   627 | D:5      | Entered Level 5 of the Dungeon
   640 | D:4      | Reached skill level 4 in Fighting
   640 | D:4      | Reached XP level 5. HP: 32/43 MP: 5/5
   757 | D:5      | Reached skill level 5 in Fighting
   798 | D:6      | Noticed an ogre
   805 | D:6      | Ouch! That really hurt!
   806 | D:6      | HP: 3/44 [ogre (9)]
   817 | D:6      | Killed an ogre
   818 | D:6      | Reached XP level 6. HP: 5/52 MP: 6/6
   818 | D:6      | ez
   940 | D:7      | Found Peuloc's Book Boutique.
   981 | D:7      | Noticed a sky beast
  1061 | D:7      | Killed a sky beast
  1062 | D:7      | Reached skill level 6 in Fighting
  1091 | D:7      | Noticed an orc warrior
  1109 | D:6      | Noticed a water moccasin
  1109 | D:6      | Found Ehaef's Magic Scroll Boutique.
  1128 | D:6      | Killed a water moccasin
  1129 | D:6      | Reached XP level 7. HP: 59/59 MP: 7/7
  1153 | D:6      | Bought a scroll of enchant armour for 105 gold pieces
  1326 | D:6      | Reached skill level 7 in Fighting
  1463 | D:6      | Noticed a steam dragon
  1476 | D:6      | Killed a steam dragon
  1645 | D:7      | Reached skill level 8 in Fighting
  1645 | D:7      | Reached XP level 8. HP: 68/68 MP: 8/8
  1696 | D:7      | yooo what's this lag
  1696 | D:7      | 1000+ ms
  1767 | D:8      | Noticed Psyche
  1810 | D:7      | actually maybe i could?
  1898 | D:8      | Reached skill level 4 in Dodging
  1958 | D:7      | oh
  1964 | D:7      | venom brand wizards, gotta love those
  2113 | D:8      | well that's uh
  2113 | D:8      | Slain by Psyche

Illustrated notes #### #.. #.# ...#####.#### ..>.........# $..#####.##.###### #.##.....<# #.#######)# #.# #@# #.# #.# #.# #.### #.# #...# ###.# #.# #.# #.# #.# Turn 818 on D:6: ez .# #.#.####### .# ####.#.......# .# #....#.......# ## #.#####......### ####....#.........## ..###.#.#.#...#....## ..##..# #.#####.....# ..#.#.# .......>....# ......#########.@...# ......# ##...## .)....# ########.# ..##.## .....# .# ..##.#####.....# .# ..##...........# .$ ####.#####.....# .. #.# .....# #.# ###### Turn 1696 on D:7: yooo what's this lag ######### .# #.......# #.###.......# .###.##.......# .............# ##............# .............# #.......@....# ## # #.......###### o# #. #.......# ##### oo ## ######.##.......####...# o# #. †...##.................# .# #. ###.####........###....##.# ####. ###.##.>.....#..###.#.....# #.... .##...............#.####### #.### .##..#......<#..#.#.# ######.... Turn 1810 on D:7: actually maybe i could? #(###.####.# ####.###......# #......############ #.##.#.## #.......# #>##..#.###.......# #.##.###.##.......# #.###.............# #.####............# #.[@{.............# ###.##............# #.##.......###### #.##.......# #### ################.##.......####... #..≈......†...##................. #.......#####.####........###.... #.####..#####.##.>.....#..###.#.. #.##.......##...............#.### Turn 1958 on D:7: oh

#(###.####.# ####.###......#
#......############ #.##.#.##
#.......# #>##..#.###.......#
#.##.###.##.......#
#.###.............#
#.####............#
#.[>@.............#
###.##............#
#.##.......###### #.##.......#
#####
###############.##.......####...#
..≈......†...##.................#
.......#####.####........###....#
.####..#####.##.>.....#..###.#...
.##.......##...............#.####


Turn 1964 on D:7: venom brand wizards, gotta love those ... .. .. #####'########
#............. #............. #............. #....{@....... #.............
#......#+##### #......# #......# #......# #......# #### #....... .... .... Turn
2113 on D:8: well that's uh

Levels and vault maps discovered:
D:1:      ncdulo_lavacross, layout_loops_ring, chequers_ecumenical_altar_island
D:2:      wad_crossroads, layout_basic
D:3:      layout_loops_ring, old_standard_altar, serial_rivers,
          chequers_serial_rivers_room_a, chequers_serial_rivers_micro_d,
          chequers_serial_rivers_micro_b, chequers_serial_rivers_large_b,
          chequers_serial_rivers_room_b, chequers_serial_rivers_small_3,
          uniq_grinder
D:4:      layout_loops_ring, minmay_temple_entry_slanted,
          minmay_misc_feat_more_columns, hangedman_decor_clover_reticule
D:5:      layout_basic, uniq_duvessa
D:6:      cheibrodos_thug_alley, layout_loops_ring, serial_shops, shop
D:7:      layout_loops_cross, serial_shops, nicolae_shop_waterfront
D:8:      layout_gridville, bh_walls_and_bars, uniq_psyche

Skill      XL: |  1  2  3  4  5  6  7  8 |
---------------+-------------------------+-----
Axes           | 4 |  4.0
Fighting       | 3 4 5 6 8 |  8.9
Dodging        | 4 |  4.0
Throwing       | |  2.0

Action                   |  1- 3 |  4- 6 |  7- 9 || total
-------------------------+-------+-------+-------++-------
Melee: War axe           |    54 |    63 |    79 ||   196
       Short sword       |     2 |    19 |    15 ||    36
Throw: Throwing net      |     3 |       |       ||     3
  Use: Scroll            |       |     3 |     2 ||     5
       Potion            |       |     1 |     2 ||     3
 Stab: Sleeping          |     1 |       |       ||     1
Armor: Leather armour    |    18 |       |       ||    18
       Ring mail         |     2 |    32 |    41 ||    75
       Skin              |       |    20 |       ||    20
Dodge: Dodged            |    38 |    43 |    64 ||   145

Table legend: (Time is in decaauts)
 A = Elapsed time spent in this place.
 B = Non-inter-level travel time spent in this place.
 C = Inter-level travel time spent in this place.
 D = Time resting spent in this place.
 E = Time spent auto-exploring this place.
 F = Levels seen in this place.
 G = Mean time per level.
                   A        B        C        D        E       F      G
               +--------+--------+--------+--------+--------+-----+--------+
         Total |   2248 |   2097 |    151 |      0 |      0 |   8 |  281.0 |
       Dungeon |   2248 |   2097 |    151 |      0 |      0 |   8 |  281.0 |
               +--------+--------+--------+--------+--------+-----+--------+

Top non-repeatable levels by time:
     D:7: 758 daAuts
     D:6: 479 daAuts
     D:5: 221 daAuts
     D:4: 201 daAuts
     D:3: 196 daAuts
     D:2: 156 daAuts
     D:1: 146 daAuts
     D:8: 88 daAuts
